 Dungeon Crawl Stone Soup version 0.29.1-2-gbd0b4ee654 (webtiles) character file.

Game seed: 9177321592983347503

61 cdecastro the Magician (level 4, 0/32 HPs)
             Began as a Djinni Transmuter on Oct 26, 2022.
             Slain by Ijyb
             ... wielding a +1 spectral club
              (2 damage)
             ... on level 3 of the Dungeon.
             The game lasted 00:05:55 (2904 turns).

cdecastro the Magician (Djinni Transmuter)          Turns: 2904, Time: 00:05:56

Health: 0/32       AC:  2    Str:  9    XL:     4   Next: 27%
Gold:   81         EV: 12    Int: 17    God:
                   SH:  0    Dex: 13

rFire   + + .      SeeInvis .     - Unarmed
rCold   x . .      Faith    .   (no shield)
rNeg    . . .      Spirit   .   a - +0 robe
rPois   ∞          Reflect  .   (no helmet)
rElec   .          Harm     .   (no cloak)
rCorr   .          Rampage  .   (no gloves)
Will    .....                   (boots unavailable)
Stlth   +.........              (no amulet)
HPRegen 0.10/turn               (no ring)
MPRegen 0.00/turn               (no ring)

@: flying, very slightly contaminated
A: sickness immunity, fire resistance 2, cold vulnerability 1, float, innate
caster, HP casting, extra vitality 1
a: no special abilities


You were on level 3 of the Dungeon.
You visited 1 branch of the dungeon, and saw 3 of its levels.

You collected 81 gold pieces.

Inventory:

Hand Weapons
 i - a +1 dagger of venom
Missiles
 c - 27 stones
 f - 4 poisoned darts (quivered)
Armour
 a - a +0 robe (worn)
Magical Staves
 o - a staff of death
Scrolls
 m - a scroll of fear {unknown}
 n - a scroll of vulnerability {unknown}
 p - a scroll of poison {unknown}
Potions
 b - a potion of lignification
 d - a potion of haste {unknown}
 e - a potion of mutation {unknown}
 g - a potion of invisibility {unknown}
 h - 2 potions of degeneration {unknown}
 j - 2 potions of curing {unknown}
 k - a potion of flight {unknown}
 l - a potion of heal wounds {unknown}


   Skills:
 - Level 1.0 Fighting
 - Level 2.1 Dodging
 - Level 3.0 Unarmed Combat
 * Level 3.2 Spellcasting


You couldn't memorise any spells.
You knew the following spells:

 Your Spells              Type           Power      Damage    Failure   Level
a - Beastly Appendage     Tmut           26%        N/A       4%          1
b - Wereblood             Tmut           13%        N/A       7%          2
c - Spider Form           Tmut/Pois      13%        N/A       14%         3
d - Ice Form              Ice/Tmut       13%        N/A       41%         4
e - Sandblast             Erth           26%        2d8       4%          1
Your spell library was empty.

Dungeon Overview and Level Annotations

Branches:
Dungeon (3/15)

Altars:

Annotations:
D:3 Ijyb, Terence


Innate Abilities, Weirdness & Mutations

You are immune to sickness and miasma.
You are immune to poison.
Your flesh is very heat resistant. (rF++)
You are vulnerable to cold. (rC-)
You float through the air rather than walking.
You learn spells naturally, not from books.
Your magical power is your life essence.
You have superior vitality. (+4 MHP)


Message History

Ijyb hits you with a +1 spectral club.
* * * LOW HITPOINT WARNING * * *
You hit Ijyb but do no damage.
Ijyb is lightly wounded.
Ijyb barely misses you.
Unknown command.
Casting: Beastly Appendage (safe; 4% risk of failure)
Confirm with . or Enter, or press ? or * to list all spells.
Aiming: Sandblast (safe; 4% risk of failure)
Press: ? - help, Shift-Dir - straight line, f - Ijyb
Aim: Ijyb, wielding a +1 spectral club, wearing a +0 scale mail and carrying a wand of charming (8) (lightly wounded, 80% to hit)
You miscast Sandblast.
You are very lightly contaminated with residual magic.
Nothing appears to happen.
* * * LOW HITPOINT WARNING * * *
Ijyb zaps a wand.
You resist with some effort.
Unknown command.
Casting: Sandblast (safe; 4% risk of failure)
Confirm with . or Enter, or press ? or * to list all spells.
Aiming: Sandblast (safe; 4% risk of failure)
Press: ? - help, Shift-Dir - straight line, f/p - Ijyb
Aim: Ijyb, wielding a +1 spectral club, wearing a +0 scale mail and carrying a wand of charming (7) (lightly wounded, 80% to hit)
The blast of sand hits Ijyb but does no damage.
Ijyb is lightly wounded.
* * * LOW HITPOINT WARNING * * *
Ijyb zaps a wand.
You resist with some effort.
Unknown command.
Casting: Sandblast (safe; 4% risk of failure)
Confirm with . or Enter, or press ? or * to list all spells.
Aiming: Sandblast (safe; 4% risk of failure)
Press: ? - help, Shift-Dir - straight line, f/p - Ijyb
Aim: Ijyb, wielding a +1 spectral club, wearing a +0 scale mail and carrying a wand of charming (6) (lightly wounded, 80% to hit)
The blast of sand hits Ijyb but does no damage.
Ijyb is lightly wounded.
* * * LOW HITPOINT WARNING * * *
You hear the slow rusting of a distant drain.
Ijyb hits you with a +1 spectral club.
* * * LOW HITPOINT WARNING * * *
Ijyb hits you with a +1 spectral club.
You die...

....$. ### ......
..#### ..... #....# ...
##!... #.####..##
#........# ##.......#
#####..##....##
###.....###..@..#
#............g..#
.....#.....#.....#.....
.### ##.###..#.#..#####
#.# #.##..#.. #.#
#.###!##.. #<# #.# .
.#. #.# .. ###. ...


You could see Ijyb.

Vanquished Creatures
  2 adders (D:2)
  2 dart slugs (D:1)
  3 bats
  5 endoplasms
  2 giant cockroaches
  3 goblins
  A hobgoblin (D:1)
  8 ball pythons
  A frilled lizard (D:2)
  6 kobolds
  5 rats
38 creatures vanquished.

Notes
Turn   | Place    | Note
-------+----------+-------------------------------------------
     0 | D:1      | cdecastro the Djinni Transmuter began the quest for the
                  | Orb.
     0 | D:1      | cdecastro set off with the following spells memorised:
                  | Beastly Appendage, Wereblood, Spider Form, Ice Form.
     0 | D:1      | Reached XP level 1. HP: 17/17 MP: 0/0
   771 | D:1      | Reached XP level 2. HP: 20/22 MP: 0/0
  1223 | D:1      | Found a faded altar of an unknown god.
  1559 | D:2      | Reached XP level 3. HP: 12/27 MP: 0/0
  1559 | D:2      | Learned a level 1 spell: Sandblast
  2243 | D:2      | Reached XP level 4. HP: 28/32 MP: 0/0
  2742 | D:3      | Noticed Terence
  2885 | D:3      | Noticed Ijyb
  2904 | D:3      | Slain by Ijyb

Illustrated notes

Levels and vault maps discovered:
D:1:      dpeg_arrival_stone_temple_mockup, layout_loops_corners,
          hellmonk_ecumenical_altar_defaced_shrine, serial_rivers,
          chequers_serial_rivers_small_b, chequers_serial_rivers_small_a,
          chequers_serial_rivers_small_b, chequers_serial_rivers_large_a
D:2:      layout_rooms
D:3:      layout_rooms, gup_sewer_entry_bowl, uniq_ijyb, uniq_terence,
          uniq_crazy_yiuf_cottage

Skill      XL: |  1  2  3 |
---------------+----------+-----
Spellcasting   | 2 3 |  3.2
Fighting       | |  1.0
Dodging        | |  2.1
Unarmed Combat | |  3.0

Action                   |  1- 3 |  4- 6 || total
-------------------------+-------+-------++-------
Melee: Unarmed           |   104 |    30 ||   134
       Headbutt          |    12 |     6 ||    18
       Punch             |     2 |     1 ||     3
Throw: Dart              |     4 |       ||     4
 Cast: Beastly Appendage |    20 |     7 ||    27
       Sandblast         |       |     2 ||     2
       Wereblood         |       |     1 ||     1
 Stab: Sleeping          |     1 |       ||     1
Armor: Robe              |    17 |     4 ||    21
Dodge: Dodged            |    64 |    18 ||    82
